 Dungeon Crawl Stone Soup version 0.21-a0-270-g8204059 (webtiles) character file.

13949 tidbits the Martial Artist (level 11, -9/92 HPs)
             Began as a Demigod Transmuter on Sept 13, 2017.
             Killed from afar by a gargoyle (21 damage)
             ... with a stone arrow
             ... on level 12 of the Dungeon.
             The game lasted 00:52:16 (5638 turns).

tidbits the Martial Artist (Demigod Transmuter)     Turns: 5638, Time: 00:52:18

Health: -9/92      AC:  3    Str: 17    XL:     11   Next: 53%
Magic:  22/25      EV: 16    Int: 21    God:
Gold:   1146       SH:  0    Dex: 18    Spells: 0/23 levels left

rFire    . . .     SeeInvis .     - Unarmed
rCold    . . .     Gourm    .   (shield currently unavailable)
rNeg     . . .     Faith    .   B - +0 robe
rPois    +         Spirit   .   E - +0 helmet
rElec    .         Reflect  .   (no cloak)
rCorr    .         Harm     .   (gloves currently unavailable)
MR       +....                  (no boots)
Stlth    ++........             p - amulet of magic regeneration
HPRegen  1.25/turn              P - ring of poison resistance
MPRegen  0.44/turn              y - +3 ring of slaying

@: blade hands, regenerating, drained
A: high mp 1, strong 2
a: End Transformation


You were on level 12 of the Dungeon.
You were not hungry.
You had blades for hands.
You visited 3 branches of the dungeon, and saw 14 of its levels.
You also visited: Sewer and Ice Cave.

You collected 1200 gold pieces.
You spent 54 gold pieces at shops.

Inventory:

Hand Weapons
 o - a +0 blowgun
 w - the +8 hand axe of Usoumyfon {flame, rF+ Str+4 Stlth-}
   (You found it on level 7 of the Dungeon)

   It has been specially enchanted to burn those struck by it, causing extra
   injury to most foes and up to half again as much damage against particularly
   susceptible opponents.
   Big, fiery blades are also staple armaments of hydra-hunters.
   It affects your strength (+4).
   It protects you from fire.
   It makes you less stealthy.
 H - a +0 shortbow
Missiles
 a - 152 arrows
 g - 90 stones (quivered)
 i - 12 curare-tipped needles
 I - 8 poisoned tomahawks
 Z - 3 javelins
Armour
 l - +0 ice dragon scales
 B - a +0 robe (worn)
 E - a +0 helmet (worn)
 G - a +0 pair of gloves (melded)
 U - a +0 scale mail of fire resistance
   (You took it off an orc on level 9 of the Dungeon)
Jewellery
 m - the amulet of Izer {+Rage rC+ MR- Int+3 SInv}
   (You found it in an ice cave)

   [amulet of rage]

   It affects your intelligence (+3).
   It protects you from cold.
   It affects your resistance to hostile enchantments.
   It lets you see invisible.
   It lets you go berserk.
 p - an amulet of magic regeneration (around neck)
   (You found it on level 1 of the Lair of Beasts)
 y - a +3 ring of slaying (right scythe-like blade)
   (You found it on level 1 of the Dungeon)
 A - an uncursed ring of fire
   (You found it in an ice cave)
 D - an uncursed ring of teleportation
   (You found it in an ice cave)
 P - a ring of poison resistance (left scythe-like blade)
   (You found it in an ice cave)
 W - an uncursed ring of wizardry
   (You found it on level 8 of the Dungeon)
Wands
 b - a wand of lightning (3/15)
 d - a wand of digging (7/24)
 t - a wand of random effects (48/48)
 u - a wand of digging (11/24)
 F - a wand of polymorph (12/24)
 K - a wand of disintegration (8/24)
 S - a wand of acid (5/15)
 Y - a wand of paralysis (10/24)
Scrolls
 e - 2 scrolls of recharging
 q - 3 scrolls of fear
 r - 7 scrolls of remove curse
 s - 3 scrolls of teleportation
 z - a scroll of fog
 C - a scroll of magic mapping {unknown}
 J - 2 scrolls of silence
 Q - a scroll of enchant armour {unknown}
Potions
 k - 6 potions of brilliance
 x - 5 potions of flight
 N - a potion of magic
Books
 c - a book of Changes

   Spells                             Type                      Level
   a - Beastly Appendage              Transmutation                1
   b - Sticks to Snakes               Transmutation                2
   c - Spider Form                    Transmutation/Poison         3
   d - Ice Form                       Ice/Transmutation            4
   e - Blade Hands                    Transmutation                5
 h - a book of Air
   (You found it on level 10 of the Dungeon)

   Spells                             Type                      Level
   a - Shock                          Conjuration/Air              1
   b - Swiftness                      Charms/Air                   2
   c - Static Discharge               Conjuration/Air              3
   d - Airstrike                      Air                          4
   e - Lightning Bolt                 Conjuration/Air              5
 n - a book of Minor Magic
   (You found it on level 5 of the Dungeon)

   Spells                             Type                      Level
   a - Magic Dart                     Conjuration                  1
   b - Blink                          Translocation                2
   c - Call Imp                       Summoning                    2
   d - Slow                           Hexes                        2
   e - Conjure Flame                  Conjuration/Fire             3
   f - Mephitic Cloud                 Conjuration/Poison/Air       3
 v - a book of Misfortune
   (You found it on level 5 of the Dungeon)

   Spells                             Type                      Level
   a - Confusing Touch                Hexes                        1
   b - Confuse                        Hexes                        3
   c - Gell's Gravitas                Translocation                3
   d - Petrify                        Transmutation/Earth          4
   e - Metabolic Englaciation         Hexes/Ice                    5
   f - Yara's Violent Unravelling     Hexes/Transmutation          5
 R - a book of Necromancy
   (You found it on level 9 of the Dungeon)

   Spells                             Type                      Level
   a - Pain                           Necromancy                   1
   b - Animate Skeleton               Necromancy                   1
   c - Vampiric Draining              Necromancy                   3
   d - Regeneration                   Charms/Necromancy            3
   e - Animate Dead                   Necromancy                   4
   f - Control Undead                 Necromancy                   4
Miscellaneous
 L - a lightning rod (4/4)
Comestibles
 f - 7 meat rations
 j - a chunk of flesh
 M - 8 bread rations


   Skills:
 + Level 7.4(7.1) Fighting
 - Level 6.4(6.0) Dodging
 + Level 10.4(10.0) Unarmed Combat
 - Level 6.8(6.4) Spellcasting
 - Level 2.5(2.2) Charms
 - Level 2.5(2.1) Necromancy
 - Level 7.0(6.7) Transmutations
 - Level 2.0(1.6) Ice Magic


You couldn't memorise any spells.
You knew the following spells:

 Your Spells              Type           Power        Failure   Level  Hunger
h - Blade Hands           Tmut           #####.....   56%         5    #####..
i - Ice Form              Ice/Tmut       ###.....     56%         4    ###....
k - Sticks to Snakes      Tmut           #####...     14%         2    None
m - Mephitic Cloud        Conj/Pois/Air  #.......     71%         3    #......
n - Animate Skeleton      Necr           N/A          28%         1    None
p - Spider Form           Tmut/Pois      ###.......   38%         3    #......
r - Regeneration          Chrm/Necr      ###.......   47%         3    #......
W - Swiftness             Chrm/Air       ##......     43%         2    None


Dungeon Overview and Level Annotations

Branches:
Dungeon (12/15)              Lair (1/6) D:10            Orc (1/2) D:12
 Temple: D:4-7

Shops:
D:8 [   Orc:1 *


Innate Abilities, Weirdness & Mutations

You have an increased reservoir of magic. (+10% MP)
Your muscles are very strong. (Str +4)


Message History

You swing at nothing.
You swing at nothing.
You swing at nothing.
You swing at nothing.
Your skin stops crawling.
Casting: Regeneration
Confirm with . or Enter, or press ? or * to list all spells.
Your skin crawls.
You swing at nothing.
You swing at nothing.
You swing at nothing.
You swing at nothing.
Your skin is crawling a little less now.
You swing at nothing.
Casting: Regeneration
Confirm with . or Enter, or press ? or * to list all spells.
Your skin crawls.
Casting: Regeneration
Confirm with . or Enter, or press ? or * to list all spells.
Your skin crawls.
You swing at nothing.
You swing at nothing.
You swing at nothing.
You swing at nothing.
You swing at nothing.
You swing at nothing.
Casting: Regeneration
Confirm with . or Enter, or press ? or * to list all spells.
Your skin crawls.
You swing at nothing.
You climb downwards.
The killer bee appears out of thin air!
A killer bee comes into view. x2
There is a stone staircase leading up here.
Casting: Regeneration
Confirm with . or Enter, or press ? or * to list all spells.
Your hands turn into razor-sharp scythe blades.
Your 154 arrows fall away!
You are now empty-handed.
Your +0 pair of gloves melds into your body.
The killer bee buzzes angrily.
You hear an angry hiss.
Put on which piece of jewellery? (? for menu, Esc to quit)
You're wearing all the rings you can.
Remove which one? (? for menu, Esc to cancel) < or
W - a ring of wizardry; > or
y - a +3 ring of slaying You remove your ring of wizardry.
The killer bee misses you.
P - a ring of poison resistance (left scythe-like blade)
The killer bee misses you. The killer bee stings you!
A komodo dragon comes into view.
Things that are here:
a dagger; a robe You closely miss the killer bee.
The killer bee barely misses you. The killer bee misses you.
You slash the killer bee!
The killer bee is heavily wounded.
The killer bee barely misses you.
You slash the killer bee!
You kill the killer bee!
Casting: Blade Hands
Confirm with . or Enter, or press ? or * to list all spells.
You create 2 snakes!
You now have 152 arrows.
You swap places.
The komodo dragon bites you!
Your ball python bites the komodo dragon but does no damage.
There is a stone staircase leading up, spattered with blood here.
You slice the komodo dragon!!
The komodo dragon is severely wounded.
The komodo dragon completely misses you.
Your ball python bites the komodo dragon but does no damage.
You slash the komodo dragon!
The komodo dragon is almost dead.
Your ball python closely misses the komodo dragon.
The komodo dragon bites you!!
A gargoyle comes into view. It is wielding a flail.
You slash the komodo dragon!
You kill the komodo dragon!
You swap places.
The gargoyle hurls a stone arrow at you.
The stone arrow hits you!
* * * LOW HITPOINT WARNING * * *
You hit the gargoyle.
The gargoyle is lightly damaged.
The gargoyle hurls a stone arrow at you.
The stone arrow misses you.
You completely miss the gargoyle.
The gargoyle is lightly damaged.
Your ball python bites the gargoyle but does no damage.
Your ball python closely misses the gargoyle.
You barely miss the gargoyle.
The gargoyle is lightly damaged.
The gargoyle hurls a stone arrow at you.
The stone arrow hits you!
* * * LOW HITPOINT WARNING * * *
Your ball python bites the gargoyle but does no damage.
Your ball python grabs the gargoyle.
Your ball python constricts the gargoyle.
You catch the helpless gargoyle completely off-guard!
You hit the gargoyle but do no damage. Your slash misses the gargoyle.
The gargoyle is lightly damaged.
The gargoyle hurls a stone arrow at you.
The stone arrow hits you!
You die...

# # . .## .#
..# .#
#.##########.#
#.#†<)......#
##S.#####...#
#9@S# #§#.#
#.##.# #§# ..
#. #$# ##§# ##
# #.# #§§# #.#
#§§# #.# ##§#
... #.# .# #.#
#<#


You could see a gargoyle and 2 friendly ball pythons.

Vanquished Creatures
  2 ice dragons (IceCv)
  The ghost of tidbits the Martial Artist, a novice DgTm (D:10)
  2 two-headed ogres (D:9)
  Sonja (D:11)
  The ghost of p0werm0de the Fighter, a novice DgWn (D:8)
  A manticore (D:11)
  An elephant (D:10)
  2 ice statues (IceCv)
  2 rime drakes (IceCv)
  A komodo dragon (D:12)
  The ghost of p0werm0de the Insei, a novice OpIE (D:6)
  A hornet (D:9)
  3 blink frogs (Lair:1)
  2 hippogriffs
  A wyvern (D:8)
  3 yaks
  A hungry ghost (D:7)
  A vampire (D:11)
  Grum (D:10)
  2 water moccasins
  2 orc warriors
  2 sky beasts
  16 ice beasts
  Purgy (Sewer)
  7 wolves
  2 ogres
  2 crocodiles (D:10)
  The ghost of p0werm0de the Conjurer, an amateur DsFE (D:3)
  4 centaurs
  2 big kobolds
  5 bullfrogs
  2 scorpions
  A killer bee (D:12)
  5 wights (D:11)
  2 howler monkeys (D:9)
  2 crimson imps
  2 quasits (D:10)
  6 hounds
  A jelly (D:8)
  5 orc wizards
  An orc priest (D:8)
  A bullfrog skeleton (D:4)
  A centaur skeleton (D:9)
  3 iguanas
  6 worker ants
  A hound skeleton (D:9)
  4 gnolls (D:8)
  9 adders
  2 river rats (D:6)
  A shadow imp (D:8)
  An adder zombie (D:5)
  A worm (D:4)
  A dart slug (D:1)
  4 leopard geckos
  19 orcs
  2 ball pythons
  5 bats
  5 giant cockroaches
  2 gnoll zombies (D:3)
  5 goblins
  A hobgoblin (D:3)
  7 jackals
  12 kobolds
  5 quokkas
  10 frilled lizards
  A jackal skeleton (D:4)
  7 rats
217 creatures vanquished.

Vanquished Creatures (collateral kills)
  A porcupine (Lair:1)
  6 ice beasts
  An orc warrior (D:9)
  A wolf (Lair:1)
  A hound (D:9)
  An orc wizard (D:8)
  An adder (D:4)
  A worm (D:4)
  An orc (D:6)
  A giant cockroach (D:1)
  A goblin (D:1)
  A hobgoblin (D:1)
  A jackal (D:3)
  A kobold (D:8)
  A leopard gecko skeleton (D:6)
20 creatures vanquished.

Vanquished Creatures (others)
  A fungus (Lair:1)
  A plant (Lair:1)
2 creatures vanquished.

Grand Total: 239 creatures vanquished

Notes
Turn   | Place    | Note
-------+----------+-------------------------------------------
     0 | D:1      | tidbits the Demigod Transmuter began the quest for the Orb.
     0 | D:1      | Reached XP level 1. HP: 15/15 MP: 5/5
   198 | D:1      | Reached skill level 2 in Spellcasting
   308 | D:1      | Reached skill level 3 in Unarmed Combat
   364 | D:1      | Reached XP level 2. HP: 18/22 MP: 5/7
   368 | D:1      | Learned a level 2 spell: Sticks to Snakes
   428 | D:1      | Reached skill level 2 in Transmutations
   620 | D:2      | Reached XP level 3. HP: 25/27 MP: 4/8
   625 | D:2      | Learned a level 3 spell: Spider Form
   754 | D:3      | Noticed a hand axe
   755 | D:3      | Noticed a hand axe
   756 | D:3      | Found a hide-covered altar of Uskayaw.
   914 | D:3      | Found a basalt altar of Yredelemnul.
   973 | D:3      | Reached skill level 1 in Fighting
   979 | D:3      | Found a sparkling altar of Nemelex Xobeh.
   980 | D:3      | Found an opulent altar of Gozag.
  1096 | D:3      | Noticed p0werm0de's ghost (amateur DsFE)
  1107 | D:3      | Gained mutation: Your muscles are strong. (Str +2) [potion of mutation]
  1107 | D:3      | Gained mutation: Your muscles are very strong. (Str +4) [potion of mutation]
  1150 | D:3      | Killed p0werm0de's ghost
  1150 | D:3      | Reached skill level 2 in Dodging
  1150 | D:3      | Reached skill level 4 in Unarmed Combat
  1150 | D:3      | Reached XP level 4. HP: 9/35 MP: 1/9
  1292 | D:4      | Reached XP level 5. HP: 28/40 MP: 2/10
  1490 | D:5      | Entered Level 5 of the Dungeon
  1546 | D:5      | Reached skill level 3 in Transmutations
  1562 | D:5      | Reached skill level 3 in Dodging
  1586 | D:5      | Noticed a centaur
  1598 | D:5      | Killed a centaur
  1598 | D:5      | Reached skill level 2 in Fighting
  1598 | D:5      | Reached skill level 5 in Unarmed Combat
  1598 | D:5      | Reached XP level 6. HP: 16/48 MP: 2/11
  1893 | D:6      | Reached XP level 7. HP: 51/56 MP: 1/13
  1989 | D:6      | Found a glowing drain.
  1993 | Sewer    | Entered a sewer
  2053 | Sewer    | Noticed Purgy
  2062 | Sewer    | Killed Purgy
  2135 | D:6      | Noticed p0werm0de's ghost (novice OpIE)
  2146 | D:6      | Killed p0werm0de's ghost
  2146 | D:6      | Reached skill level 3 in Fighting
  2146 | D:6      | Reached skill level 6 in Unarmed Combat
  2152 | D:6      | Reached skill level 4 in Transmutations
  2156 | D:6      | Reached skill level 4 in Dodging
  2206 | D:6      | Found a stormy altar of Qazlal.
  2261 | D:7      | Got a bone hand axe
  2262 | D:7      | Identified the +8 hand axe of Usoumyfon {flame, rF+ Str+4 Stlth-} (You found it on level 7 of the Dungeon)
  2387 | D:8      | Reached XP level 8. HP: 43/63 MP: 12/14
  2478 | D:8      | Noticed p0werm0de's ghost (novice DgWn)
  2544 | D:7      | Reached skill level 7 in Unarmed Combat
  2941 | D:8      | Killed p0werm0de's ghost
  2941 | D:8      | Reached skill level 4 in Fighting
  2941 | D:8      | Reached skill level 5 in Dodging
  2941 | D:8      | Reached skill level 3 in Spellcasting
  2941 | D:8      | Reached skill level 5 in Transmutations
  3007 | D:8      | Identified Hesch's Volume of Evil Cold
  3021 | D:8      | Reached XP level 9. HP: 49/72 MP: 13/17
  3225 | D:8      | Reached skill level 8 in Unarmed Combat
  3233 | D:8      | Learned a level 5 spell: Blade Hands
  3319 | D:8      | Found Vudyn's Armour Shop.
  3324 | D:8      | Bought a +0 helmet for 54 gold pieces
  3417 | D:8      | Learned a level 3 spell: Mephitic Cloud
  3536 | D:9      | Reached skill level 4 in Spellcasting
  3539 | D:9      | Noticed a two-headed ogre
  3569 | D:9      | Killed a two-headed ogre
  3569 | D:9      | Reached skill level 5 in Spellcasting
  3580 | D:9      | Reached skill level 6 in Spellcasting
  3635 | D:9      | Learned a level 1 spell: Animate Skeleton
  3648 | D:9      | Learned a level 3 spell: Regeneration
  3827 | D:9      | Noticed a two-headed ogre
  3837 | D:9      | Killed a two-headed ogre
  3837 | D:9      | Reached skill level 1 in Charms
  3837 | D:9      | Reached skill level 1 in Necromancy
  3837 | D:9      | Reached XP level 10. HP: 47/80 MP: 13/23
  3882 | D:10     | Entered Level 10 of the Dungeon
  3885 | D:10     | Noticed an elephant
  3903 | D:9      | Reached skill level 2 in Charms
  3903 | D:9      | Reached skill level 2 in Necromancy
  3903 | D:9      | Reached skill level 6 in Transmutations
  3930 | D:10     | Found a staircase to the Lair.
  4046 | D:10     | Killed an elephant
  4093 | D:10     | Noticed tidbits's ghost (novice DgTm)
  4129 | D:10     | Killed tidbits's ghost
  4129 | D:10     | Reached skill level 5 in Fighting
  4171 | D:10     | Learned a level 2 spell: Swiftness
  4343 | D:10     | Noticed Grum
  4353 | D:10     | Killed Grum
  4357 | D:10     | Reached skill level 6 in Dodging
  4428 | Lair:1   | Entered Level 1 of the Lair of Beasts
  4435 | Lair:1   | Reached skill level 9 in Unarmed Combat
  4789 | D:11     | Noticed Sonja
  4808 | D:11     | Killed Sonja
  4841 | D:11     | Reached XP level 11. HP: 76/89 MP: 20/25
  4847 | D:11     | Learned a level 4 spell: Ice Form
  4876 | D:11     | Reached skill level 1 in Ice Magic
  4963 | D:11     | Found a frozen archway.
  5004 | D:11     | Reached skill level 2 in Ice Magic
  5013 | IceCv    | Entered an ice cave
  5027 | IceCv    | Reached skill level 7 in Transmutations
  5054 | IceCv    | Reached skill level 6 in Fighting
  5120 | IceCv    | Reached skill level 10 in Unarmed Combat
  5272 | IceCv    | Noticed an ice dragon
  5272 | IceCv    | Noticed an ice dragon
  5290 | IceCv    | Killed an ice dragon
  5290 | IceCv    | Reached skill level 7 in Fighting
  5298 | IceCv    | HP: 5/110 [ice dragon (8)]
  5323 | IceCv    | Killed an ice dragon
  5413 | IceCv    | Got a slimy pewter amulet
  5431 | IceCv    | Identified the amulet of Izer {+Rage rC+ MR- Int+3 SInv} (You found it in an ice cave)
  5514 | D:12     | Found a staircase to the Orcish Mines.
  5521 | Orc:1    | Entered Level 1 of the Orcish Mines
  5521 | Orc:1    | Found Kiorer's General Store.
  5523 | Orc:1    | Noticed an orc knight
  5530 | Orc:1    | Noticed a stone giant
  5638 | D:12     | Killed from afar by a gargoyle

Vault maps used:
D:1:      giann_horns
D:2:      fedhas_altar_4
D:3:      grunt_temple_overflow_opulence, lemuel_zombie_altar_yredelemnul,
          dancing_weapons_uskayaw
D:4:      first_bread, abandoned_shop
D:5:      temple_fountains, serial_column_ruins, column_ruins_square_huge,
          column_ruins_square_medium, column_ruins_corridor_straight,
          column_ruins_grid_1, column_ruins_open_tiny, column_ruins_grid_4,
          column_ruins_open_small, column_ruins_open_small
D:6:      grunt_qazlal_clouds, gup_sewer_entry_spiral
D:8:      serial_shops, nicolae_shop_competitors_out_of_business
D:10:     david_lair_generic, uniq_grum
D:11:     portal_ice_cave_entry_ice_beasts, uniq_sonja
D:12:     orc_0_dummy
Lair:1:   grunt_megastairs_5
Orc:1:    cheibrodos_orc_arena, serial_shops, nicolae_shop_trees,
          nicolae_shop_waterfront, nicolae_shop_trees, minmay_orc_temple_b
Sewer:    sewer_co_purgy_island
IceCv:    ice_cave_small_dragons

Skill      XL: |  1  2  3  4  5  6  7  8  9 10 11 |
---------------+----------------------------------+-----
Spellcasting   | 2 3 6 |  6.8
Unarmed Combat | 3 4 5 6 7 8 9 10 | 10.4
Transmutations | 2 3 4 5 6 7 |  7.0
Fighting       | 1 2 3 4 5 7 |  7.4
Dodging        | 2 3 4 5 6 |  6.4
Charms         | 1 2 |  2.5
Necromancy     | 1 2 |  2.5
Ice Magic      | 2 |  2.0

Action                   |  1- 3 |  4- 6 |  7- 9 | 10-12 || total
-------------------------+-------+-------+-------+-------++-------
Melee: Unarmed           |   100 |    85 |   169 |   231 ||   585
       Headbutt          |     5 |     1 |       |       ||     6
       Kick              |     5 |     3 |       |       ||     8
       Hand axe          |       |       |    37 |       ||    37
       Punch             |       |       |     3 |     2 ||     5
 Cast: Beastly Appendage |    15 |     2 |       |       ||    17
       Sticks to Snakes  |     6 |     7 |     9 |    30 ||    52
       Spider Form       |    10 |    14 |    22 |     2 ||    48
       Blade Hands       |       |       |     6 |    21 ||    27
       Animate Skeleton  |       |       |     5 |    10 ||    15
       Regeneration      |       |       |     2 |    37 ||    39
       Ice Form          |       |       |       |     6 ||     6
 Abil: End Transformatio |       |       |     3 |     6 ||     9
Evoke: Wand              |       |       |     9 |     6 ||    15
  Use: Potion            |     5 |       |     3 |     6 ||    14
       Scroll            |       |     3 |     8 |     4 ||    15
 Stab: Distracted        |       |       |     1 |     2 ||     3
       Sleeping          |       |       |       |     1 ||     1
  Eat: Chunk             |     3 |     5 |    12 |     6 ||    26
       Royal jelly       |       |       |     1 |       ||     1
       Fruit             |       |       |       |     6 ||     6
       Meat ration       |       |       |       |     1 ||     1
Armor: Robe              |    17 |     3 |     8 |    10 ||    38
       Skin              |     3 |     1 |     5 |    17 ||    26
Dodge: Dodged            |    63 |    47 |   172 |   152 ||   434

Table legend:
 A = Spawn XP
 B = Non-spawn XP
 C = Spawn XP percentage of total XP
 D = Spawn monster count
 E = Non-spawn monster count
 F = Spawn count percentage of total count
 G = Total turns spent on level
                    A         B        C        D         E        F      G
               +---------+---------+-------+---------+---------+-------+---------
         Total |       0 |   19928 |   0.0 |       0 |     237 |   0.0 |  5638
               +---------+---------+-------+---------+---------+-------+---------
           D:1 |       0 |      30 |   0.0 |       0 |      16 |   0.0 |   493
           D:2 |       0 |      19 |   0.0 |       0 |       5 |   0.0 |   205
           D:3 |       0 |     156 |   0.0 |       0 |      28 |   0.0 |   543
           D:4 |       0 |      88 |   0.0 |       0 |      11 |   0.0 |   249
           D:5 |       0 |     519 |   0.0 |       0 |      15 |   0.0 |   388
           D:6 |       0 |     558 |   0.0 |       0 |      14 |   0.0 |   242
           D:7 |       0 |     387 |   0.0 |       0 |       5 |   0.0 |   408
           D:8 |       0 |    2055 |   0.0 |       0 |      24 |   0.0 |   826
           D:9 |       0 |    3151 |   0.0 |       0 |      24 |   0.0 |   517
          D:10 |       0 |    2811 |   0.0 |       0 |      25 |   0.0 |   554
          D:11 |       0 |    2952 |   0.0 |       0 |      25 |   0.0 |   286
          D:12 |       0 |     576 |   0.0 |       0 |       6 |   0.0 |    66
        Lair:1 |       0 |    1647 |   0.0 |       0 |      11 |   0.0 |   266
         Orc:1 |       0 |     140 |   0.0 |       0 |       2 |   0.0 |    11
         Sewer |       0 |     135 |   0.0 |       0 |       6 |   0.0 |    94
         IceCv |       0 |    4704 |   0.0 |       0 |      20 |   0.0 |   490
               +---------+---------+-------+---------+---------+-------+---------

Table legend:
 A = Turns spent in this place as a percentage of turns spent in the entire game.
 B = Non-inter-level travel turns spent in this place as a percentage of non-inter-level travel turns spent in the entire game.
 C = Inter-level travel turns spent in this place as a percentage of turns spent in this place.
 D = Turns resting spent in this place as a percentage of non-inter-level travel turns spent in this place.
 E = Turns spent auto-exploring this place as a percentage of non-inter-level travel turns spent in this place.
 F = Non-inter-level travel turns spent in this place divided by the number of levels of this place that you've seen.
                   A       B       C       D       E      F
               +-------+-------+-------+-------+-------+----------------------
         Total | 100.0 | 100.0 |   3.8 |   0.5 |   0.0 | 339.1
       Dungeon |  84.7 |  84.1 |   4.5 |   0.0 |   0.0 | 380.3
          Lair |   4.7 |   4.9 |   0.0 |   0.0 |   0.0 | 266.0
  Orcish Mines |   0.2 |   0.2 |   0.0 |   0.0 |   0.0 |  11.0
         Sewer |   1.7 |   1.7 |   0.0 |   0.0 |   0.0 |  94.0
      Ice Cave |   8.7 |   9.0 |   0.0 |   5.1 |   0.0 | 490.0
               +-------+-------+-------+-------+-------+----------------------

Table legend:
 A = Kills in this place as a percentage of kills in entire the game.
 B = Kills by you in this place as a percentage of kills by you in the entire game.
 C = Kills by friends in this place as a percentage of kills by friends in the entire game.
 D = Other kills in this place as a percentage of other kills in the entire game.
 E = Experience gained in this place as a percentage of experience gained in the entire game.
 F = Experience gained in this place divided by the number of levels of this place that you have seen.
                   A       B       C       D       E      F
               +-------+-------+-------+-------+-------+----------------------
         Total | 100.0 | 100.0 | 100.0 |   N/A | 100.0 | 1245.5
       Dungeon |  83.5 |  83.4 |  85.0 |   N/A |  66.8 | 1108.5
          Lair |   4.6 |   4.1 |  10.0 |   N/A |   8.3 | 1647.0
  Orcish Mines |   0.8 |   0.9 |   0.0 |   N/A |   0.7 | 140.0
         Sewer |   2.5 |   2.8 |   0.0 |   N/A |   0.7 | 135.0
      Ice Cave |   8.4 |   8.8 |   5.0 |   N/A |  23.6 | 4704.0
               +-------+-------+-------+-------+-------+----------------------

Vault maps used:
D:1:      giann_horns
D:2:      fedhas_altar_4
D:3:      grunt_temple_overflow_opulence, lemuel_zombie_altar_yredelemnul,
          dancing_weapons_uskayaw
D:4:      first_bread, abandoned_shop
D:5:      temple_fountains, serial_column_ruins, column_ruins_square_huge,
          column_ruins_square_medium, column_ruins_corridor_straight,
          column_ruins_grid_1, column_ruins_open_tiny, column_ruins_grid_4,
          column_ruins_open_small, column_ruins_open_small
D:6:      grunt_qazlal_clouds, gup_sewer_entry_spiral
D:8:      serial_shops, nicolae_shop_competitors_out_of_business
D:10:     david_lair_generic, uniq_grum
D:11:     portal_ice_cave_entry_ice_beasts, uniq_sonja
D:12:     orc_0_dummy
Lair:1:   grunt_megastairs_5
Orc:1:    cheibrodos_orc_arena, serial_shops, nicolae_shop_trees,
          nicolae_shop_waterfront, nicolae_shop_trees, minmay_orc_temple_b
Sewer:    sewer_co_purgy_island
IceCv:    ice_cave_small_dragons
